 Dungeon Crawl Stone Soup version 0.29.1-13-g9f3cf754e1 (webtiles) character file.

Game seed: 6670062261154039864

63 concernfroge the Ducker (level 3, 0/15 HPs)
             Began as a Felid Transmuter on Jan 25, 2023.
             Engulfed by a cloud of poison gas (6 damage)
             ... on level 4 of the Dungeon.
             The game lasted 00:05:13 (2460 turns).

concernfroge the Ducker (Felid Transmuter)          Turns: 2460, Time: 00:05:13

Health: 0/15       AC:  1    Str:  6    XL:     3   Next: 89%
Magic:  7/7        EV: 19    Int: 14    God:
Gold:   162        SH:  0    Dex: 18    Spells: 0/6 levels left
                                        Lives:  0   Deaths: 0

rFire   . . .      SeeInvis +     - Unarmed
rCold   . . .      Faith    .   (shield unavailable)
rNeg    . . .      Spirit   .   (body armour unavailable)
rPois   .          Reflect  .   (helmet unavailable)
rElec   .          Harm     .   (cloak unavailable)
rCorr   .          Rampage  .   (gloves unavailable)
Will    .....                   (boots unavailable)
Stlth   ++........              (no amulet)
HPRegen 0.05/turn               (no ring)
MPRegen 0.10/turn               (no ring)

@: lethally poisoned (0 -> -22), quick
A: very small, claws 1, fangs 3, see invisible, speed 1, shaggy fur 1, stealthy
paws, no weapons or thrown items, no armour, multi-lived
a: no special abilities


You were on level 4 of the Dungeon.
You visited 1 branch of the dungeon, and saw 4 of its levels.

You collected 162 gold pieces.

Inventory:

Scrolls
 c - 2 scrolls of fear
 h - 5 scrolls of identify {unknown}
 i - a scroll of butterflies {unknown}
 l - a scroll of amnesia {unknown}
 m - a scroll of teleportation {unknown}
Potions
 b - 2 potions of flight {unknown}
 g - a potion of brilliance {unknown}
 j - a potion of curing {unknown}
 k - a potion of mutation {unknown}


   Skills:
 - Level 1.0 Fighting
 + Level 4.4 Dodging
 + Level 4.0 Unarmed Combat
 - Level 2.0 Spellcasting
 - Level 2.1 Transmutations


You couldn't memorise any spells.
You knew the following spells:

 Your Spells              Type           Power      Damage    Failure   Level
a - Beastly Appendage     Tmut           14%        N/A       10%         1
b - Wereblood             Tmut           7%         N/A       14%         2
c - Spider Form           Tmut/Pois      4%         N/A       41%         3

Your spell library contained the following spells:

 Spells                   Type           Power      Damage    Failure   Level
 Ice Form                 Ice/Tmut       4%         N/A       83%         4
 Chain Lightning          Conj/Air       0%         2d1       100%        9
 Fire Storm               Conj/Fire      0%         6d1       100%        9
 Shatter                  Erth           0%         3d5*      100%        9


Dungeon Overview and Level Annotations

Branches:
Dungeon (4/15)
 Temple: D:4-7

Altars:


Innate Abilities, Weirdness & Mutations

You have sharp claws.
You have razor-sharp teeth.
You have supernaturally acute eyesight. (SInv)
You cover ground quickly. (Speed+)
You are covered in fur. (AC +1)
Your paws help you pounce on unaware monsters.
You are incapable of wielding weapons or throwing items.
You cannot wear armour.
You gain extra lives every three experience levels.


Message History

The bat misses you. The bat hits you but does no damage.
There is a stone staircase leading down here.
Your horns disappear.
The bat barely misses you.
You climb downwards.
Found a book of Displacement.
There is a stone staircase leading up here.
You start resting.
A goblin comes into view. It is wielding a +0 club.
The goblin shouts!
Found a scroll labelled NICSIR BOUWUONU.
A dart slug comes into view.
The dart slug launches a dart at you. The slug dart misses you.
A quokka and an iguana come into view.
Found 4 poisoned darts, a ring mail and 6 stones.
The iguana hisses angrily.
As you read the scroll labelled MITULOOHUT, it crumbles to dust.
You assume a fearsome visage.
The quokka looks frightened!
The iguana looks frightened!
The dart slug looks frightened!
It was a scroll of fear.
Unknown command.
You see here a scroll labelled NICSIR BOUWUONU.
h - 5 scrolls labelled NICSIR BOUWUONU (gained 1)
A phantom and a shadow imp come into view.
The shadow imp moves out of view.
As you read the scroll labelled CIXUNLI IHIANU, it crumbles to dust.
It is a scroll of enchant armour.
You aren't carrying any armour which can be enchanted further.
The air fills with toxic fumes!
As you read the scroll labelled ADEDEM JEFEBB, it crumbles to dust.
It was a scroll of poison.
Blink to where?
Press: ? - help, Dir - move target Really blink into that cloud of poison gas?
As you read the scroll labelled CEF XINIOZIDU, it crumbles to dust.
It was a scroll of blinking.
You are engulfed in poison gas.
You are lethally poisoned!
You die...

... ... ..# # #.#
..##. #.##........#
#######.. ..##.#..#
#.......##..##....
#...§§§§§@.(##...#
+...§§§§§(..##...###
#...§§§§.........:.#g#
#...§§§.######.#.....#
####§§g...g..#<..#
#§#.......#.###
§#§#####§#...........#
§§§.5.W§§#.......#.#.#
###§##############.#.#


You could see a goblin.

Vanquished Creatures
  A gnoll (D:1)
  An adder (D:3)
  A dart slug (D:1)
  4 endoplasms (D:2)
  2 giant cockroaches
  5 goblins
  3 hobgoblins
  7 kobolds
  A quokka (D:1)
  6 ball pythons
  4 bats
  A frilled lizard (D:1)
  5 rats
41 creatures vanquished.

Notes
Turn   | Place    | Note
-------+----------+-------------------------------------------
     0 | D:1      | concernfroge the Felid Transmuter began the quest for the
                  | Orb.
     0 | D:1      | Reached XP level 1. HP: 9/9 MP: 4/4
    45 | D:1      | Reached XP level 2. HP: 12/12 MP: 6/6
    48 | D:1      | Learned a level 2 spell: Wereblood
   723 | D:2      | Found a faded altar of an unknown god.
   738 | D:2      | Reached XP level 3. HP: 7/15 MP: 7/7
  1064 | D:2      | Learned a level 3 spell: Spider Form
  2456 | D:4      | Noticed a phantom
  2460 | D:4      | Engulfed by a cloud of poison gas

Illustrated notes

Levels and vault maps discovered:
D:1:      psy_arrival_radial02, layout_basic, minmay_cut_off
D:2:      minmay_chambers_of_twos, layout_loops_cross, basic_ecumenical_altar
D:3:      layout_basic, serial_park_tiny_2, amcnicky_mini_rare_corridor_liquid
D:4:      layout_basic

Skill      XL: |  1  2  3 |
---------------+----------+-----
Dodging        | 3 4 |  4.4
Unarmed Combat | 4 |  4.0
Fighting       | |  1.0
Spellcasting   | |  2.0
Transmutations | |  2.1

Action                   || total
-------------------------++-------
Melee: Unarmed           ||    92
       Bite              ||     7
       Headbutt          ||     3
       Punch             ||     2
 Cast: Wereblood         ||     6
       Beastly Appendage ||     3
  Use: Potion            ||     2
       Scroll            ||     4
 Stab: Sleeping          ||     3
Armor: Skin              ||    10
Dodge: Dodged            ||    71
